 Dungeon Crawl Stone Soup version 0.31-a0-920-g28cbb04a8c (webtiles) character file.

Game seed: 1099059828091467025

9274 Forgeling the Tainter (level 11, -6/81 (103) HPs)
             Began as an Octopode Shapeshifter on Oct 17, 2023.
             Was an Initiate of Gozag.
             Mangled by a minotaur
             ... wielding a +0 halberd of venom
              (15 damage)
             ... in a Gauntlet.
             The game lasted 00:43:44 (13281 turns).

Forgeling the Tainter (Octopode Shapeshifter)      Turns: 13281, Time: 00:43:44

HP:   -6/81 (103)   AC:  5    Str: 14    XL:     11   Next: 43%
MP:   21/21         EV: 12    Int: 17    God:    Gozag
Gold: 188           SH:  5    Dex: 11    Spells: 10/24 levels left

rFire   . .          .
                       - Unarmed
rCold   . . .        i - +2 buckler
rNeg    . . .        (helmet currently unavailable)
rPois   .            m - amulet of magic regeneration
rElec   .            l - +4 ring of protection
rCorr   +            n - ring of resist corrosion
SInv    .            (no ring)
Will    .....        (no ring) Stlth
                     (no ring)
HPRegen 0.33/turn    (no ring)
MPRegen 0.57/turn    (no ring)
                     (no ring)

%: no teleportation
@: mighty, berserking, lethally poisoned (-6 -> -68), beast-form, studying
Invocations, heavily drained, very quick
A: beast (slay +2), almost no armour, amphibious, 8 rings, camouflage 1,
gelatinous body 1, (nimble swimmer 1), tentacles
a: Begin Untransformation, Renounce Religion, Potion Petition, Call Merchant,
Bribe Branch


You were in a Gauntlet.
You worshipped Gozag.
Gozag was aware of your devotion.
You were a hulking beast.
You visited 2 branches of the dungeon, and saw 12 of its levels.
You also visited: Gauntlet.

You collected 1581 gold pieces.
You spent 630 gold pieces at shops.
You paid 763 gold pieces to Gozag.

Inventory:

Missiles
 c - 14 boomerangs
 t - 24 poisoned darts (quivered)
 w - 4 javelins
Armour
 i - a +2 buckler (worn)
Magical Staves
 k - the staff of Infection {Dex+4 Conj}
   (You found it on level 10 of the Dungeon)

   [staff of conjuration]

   Base accuracy: +5 Base damage: 5 Base attack delay: 1.2 This weapon's minimum
   attack delay (0.6) is reached at skill level 12.
   Dex+4:     It affects your dexterity (+4).
   Conj:      It increases the power of your Conjurations spells.
   It falls into the 'Staves' category.
   It is a one-tentacled weapon.
Jewellery
 l - a +4 ring of protection (left tentacle)
 m - an amulet of magic regeneration (around mantle)
 n - a ring of resist corrosion (right tentacle)
Talismans
 b - a beast talisman (active)
 g - a flux talisman
 h - a serpent talisman
Wands
 d - a wand of digging (6)
 e - a wand of charming (2)
Scrolls
 a - 3 scrolls of enchant armour
 f - 3 scrolls of noise
 j - a scroll of amnesia
 E - a scroll of fear
 F - a scroll of fog
 O - a scroll of silence
 P - 3 scrolls of poison
 X - a scroll of revelation {@r4}
 Y - 3 scrolls of teleportation {@r3}
 Z - a scroll of identify {@r1}
Potions
 A - a potion of attraction
 C - a potion of cancellation
 J - 2 potions of curing {@q1}
 M - a potion of might
 T - a potion of berserk rage
 U - 3 potions of mutation


   Skills:
 - Level 4.0 Fighting
 - Level 2.0 Dodging
 - Level 9.3 Unarmed Combat
 + Level 7.2 Spellcasting
 - Level 8.0 Necromancy
 - Level 10.1 Poison Magic
 - Level 5.0 Shapeshifting


You had 10 spell levels left.
You knew the following spells:

 Your Spells              Type           Power      Damage    Failure   Level
a - Necrotise             Necr           100%       1d9       1%          1
c - Cigotuvi's Dreadful   Necr/Pois/Air  52%        N/A       1%          2
r - Dispel Undead         Necr           33%        3d14      6%          4
s - Vampiric Draining     Necr           33%        2d8       1%          3
w - Olgreb's Toxic Radia  Pois           40%        N/A       2%          4

Your spell library contained the following spells:

 Spells                   Type           Power      Damage    Failure   Level
 Sting                    Tmut/Pois      92%        1d7       1%          1
 Poisonous Vapours        Pois/Air       46%        N/A       3%          2
 Agony                    Necr           33%        N/A       16%         5
 Inner Flame              Hex/Fire       6%         N/A       43%         3
 Summon Guardian Golem    Hex/Summ       6%         N/A       43%         3
 Death Channel            Necr           16%        N/A       65%         6
 Flame Wave               Conj/Fire      6%         2d5       83%         4
 Sticky Flame             Conj/Fire      6%         2d3       83%         4
 Summon Lightning Spire   Summ/Air       6%         N/A       83%         4
 Vhi's Electric Charge    Tloc/Air       12%        N/A       83%         4
 Arcjolt                  Conj/Air       3%         1d13      99%         5
 Lee's Rapid Deconstruct  Erth           3%         3d5*      99%         5
 Plasma Beam              Fire/Air       3%         2x1d13    100%        6
 Orb of Destruction       Conj           3%         9d5       100%        7
 Spellforged Servitor     Conj/Summ      3%         N/A       100%        7
 Animate Armour           Summ/Erth      Unusable   N/A       N/A         4

Dungeon Overview and Level Annotations

Branches:
Dungeon (11/15)            Temple (1/1) D:5            Lair (0/5) D:11
    Orc (0/2) D:11        Gauntlet (1/1)

Altars:
Ashenzari
Cheibriados
Dithmenos
Elyvilon
Fedhas
Gozag
Hepliaklqana
Kikubaaqudgha
Makhleb
Nemelex Xobeh
Okawaru
Qazlal
Ru
Sif Muna
Trog
Uskayaw
Vehumet
Wu Jian
Xom
Yredelemnul
Zin
The Shining One

Shops:
D:2 ?   D:6 =

Annotations:
D:7 Jeremiah
D:9 Maggie
D:11 3 runed translucent doors Gauntlet 6 transporters, exclusions: ice statue and oklob plant


Innate Abilities, Weirdness & Mutations

You are a hulking beast.
Your limbs bulge with bestial killing power. (Slay +2)
You cannot wear most types of armour.
You are amphibious.
You can wear up to eight rings at the same time.
Your skin changes colour to match your surroundings (Stealth+).
Your rubbery body absorbs attacks. (AC +1, EV +1)
((You are camouflaged when in or above water. (Stealth+)))
You have tentacles for arms and can constrict up to eight enemies at once.


Message History

Okay, then.
Unknown command.
Unknown command.
Unknown command.
Unknown command.
Unknown command.
You feel very mighty all of a sudden.
Okay, then.
Unknown command.
Unknown command.
Unknown command.
Casting: Olgreb's Toxic Radiance (dangerous; 2% risk of failure)
Confirm with . or Enter, or press ? or * to list all spells.
You can't see any susceptible monsters within range! (Use Z to cast anyway.)
A minotaur comes into view.
It is wielding a +0 halberd of venom, wearing a +2 plate armour of cold resistance and quivering silver javelins.
Found a thin smoking staff.
Found a gate leading back out of this place.
Okay, then.
Unknown command.
Unknown command.
Unknown command.
A red film seems to cover your vision as you go berserk!
You feel yourself moving faster!
You feel mighty!
The minotaur hits you with a +0 halberd of venom!!
You are poisoned.
You bludgeon the minotaur! You grab the minotaur. You squeeze the minotaur!
The minotaur is moderately wounded.
You constrict the minotaur, but do no damage.
You feel extremely sick.
You tentacle-slap the minotaur.
You squeeze the minotaur, but do no damage.
The minotaur is moderately wounded.
You constrict the minotaur, but do no damage.
You feel very sick.
The minotaur hits you with a +0 halberd of venom!!
* * * LOW HITPOINT WARNING * * *
You are more poisoned.
The minotaur gores you!
You die...
Your body crumbles into a pile of gold.

###### .# #.##.##
.. ##.....# #.
∩##.##.#
#.##.##.##.##
..#.#......#
#.#.###.##.#
###.##.#H###.##.#
#......h........#
#.##.##.##.##.###
#.##.##.##.###
............#
#.##.##.##.##
.##.##.##.##.###
...............#
.⌠.⌠.©.©.⌠.⌠.⌠.#
...............#


You could see a minotaur.

Vanquished Creatures
  A death yak (Gauntlet)
  A gargoyle (D:10)
  An unseen horror (D:6)
  A rime drake (Gauntlet)
  A komodo dragon (D:8)
  A troll (D:10)
  3 hornets (Gauntlet)
  A wyvern (D:9)
  A shadow (D:10)
  A vampire (D:10)
  8 yaks
  2 vampire mosquitoes (D:11)
  Menkaure (D:7)
  2 water moccasins
  2 ice beasts
  2 black bears
  A sky beast (D:6)
  6 orc warriors
  2 ogres (D:5)
  A phantom (D:5)
  4 centaurs
  5 scorpions
  A gnoll sergeant (D:10)
  3 bullfrogs
  8 wights
  10 killer bees
  6 howler monkeys
  A gnoll bouda (D:6)
  4 hounds
  Crazy Yiuf (D:3)
  10 orc priests
  14 orc wizards
  Jessica (D:3)
  Terence (D:3)
  5 sleepcaps
  4 iguanas
  Robin (D:2)
  6 adders
  14 gnolls
  A shadow imp (D:7)
  A white imp (D:7)
  2 worms (D:3)
  2 dart slugs
  36 orcs
  3 bats (D:1)
  A bat skeleton (D:2)
  4 endoplasms
  4 giant cockroaches
  16 goblins
  8 hobgoblins
  7 jackals
  13 kobolds
  6 quokkas
  10 ball pythons
  3 ball python skeletons (D:2)
  2 ball python zombies (D:2)
  4 frilled lizards
  2 quokka skeletons (D:2)
  6 rats
  A spectral kobold (D:3)
270 creatures vanquished.

Vanquished Creatures (others)
  A human (D:4)
1 creature vanquished.

Grand Total: 271 creatures vanquished

Notes
Turn   | Place    | Note
-------+----------+-------------------------------------------
     0 | D:1      | Forgeling the Octopode Shapeshifter began the quest for the
                  | Orb.
     0 | D:1      | Reached XP level 1. HP: 13/13 MP: 1/1
    86 | D:1      | Reached XP level 2. HP: 18/18 MP: 2/2
   666 | D:1      | Reached XP level 3. HP: 19/23 MP: 3/3
  1088 | D:2      | Found Eqerhepe's Magic Scroll Shoppe.
  1095 | D:2      | Bought a scroll of fear for 48 gold pieces
  1181 | D:2      | Noticed Robin
  1360 | D:2      | Reached XP level 4. HP: 28/28 MP: 4/4
  1517 | D:2      | Reached skill level 5 in Unarmed Combat
  1519 | D:2      | Killed Robin
  1934 | D:2      | Bought a scroll of poison for 48 gold pieces
  1934 | D:2      | Bought 2 scrolls of identify for 48 gold pieces
  1968 | D:3      | Found a stormy altar of Qazlal.
  2038 | D:3      | Noticed Jessica
  2053 | D:3      | Killed Jessica
  2054 | D:3      | Reached XP level 5. HP: 30/33 MP: 5/5
  2054 | D:3      | Noticed Terence
  2063 | D:3      | Killed Terence
  2408 | D:3      | Found a hazy altar of Hepliaklqana.
  2602 | D:3      | Found a runed translucent door.
  2603 | D:3      | Noticed Crazy Yiuf
  2950 | D:2      | Bought a scroll of identify for 24 gold pieces
  2950 | D:2      | Bought a scroll of identify for 24 gold pieces
  3308 | D:4      | Reached XP level 6. HP: 35/39 MP: 6/6
  3658 | D:4      | Found an ancient bone altar of Kikubaaqudgha.
  3659 | D:4      | Noticed a human
  3661 | D:4      | Killed a human
  3978 | D:5      | Entered Level 5 of the Dungeon
  4013 | D:5      | Noticed an ice beast
  4448 | D:5      | Reached XP level 7. HP: 46/46 MP: 7/7
  4753 | D:6      | Found Hisemn's Jewellery Boutique.
  4958 | D:6      | Reached XP level 8. HP: 30/53 MP: 8/8
  5182 | D:6      | Learned a level 1 spell: Necrotise
  5240 | D:6      | Killed an unseen horror
  5246 | D:6      | Learned a level 3 spell: Vampiric Draining
  5249 | D:6      | Learned a level 2 spell: Cigotuvi's Dreadful Rot
  5418 | D:6      | Reached skill level 1 in Spellcasting
  5637 | D:6      | Reached skill level 5 in Necromancy
  5835 | D:5      | Reached XP level 9. HP: 46/58 MP: 2/12
  6092 | D:6      | Reached skill level 1 in Poison Magic
  6157 | D:5      | Reached skill level 2 in Poison Magic
  6278 | D:5      | Learned a level 4 spell: Dispel Undead
  6298 | D:5      | Found a staircase to the Ecumenical Temple.
  6305 | Temple   | Entered the Ecumenical Temple
  6330 | Temple   | Became a worshipper of Gozag Ym Sagoz the Greedy
  6361 | D:5      | Reached skill level 3 in Poison Magic
  6627 | D:2      | Bought a scroll of identify for 24 gold pieces
  6627 | D:2      | Bought a scroll of identify for 24 gold pieces
  6723 | D:3      | Killed Crazy Yiuf
  6858 | D:7      | Reached skill level 4 in Poison Magic
  6962 | D:7      | Reached skill level 5 in Poison Magic
  7009 | D:7      | Noticed Menkaure
  7118 | D:7      | Found a white marble altar of Elyvilon.
  7118 | D:7      | Found a glowing silver altar of Zin.
  7131 | D:7      | Found a basalt altar of Yredelemnul.
  7784 | D:7      | Found a shimmering blue altar of Sif Muna.
  7838 | D:7      | Noticed Jeremiah
  8063 | D:7      | Killed Menkaure
  8064 | D:7      | Reached skill level 5 in Shapeshifting
  8564 | D:8      | Reached skill level 6 in Poison Magic
  8721 | D:8      | Reached XP level 10. HP: 38/57 MP: 12/14
  8759 | D:8      | Learned a level 4 spell: Olgreb's Toxic Radiance
  9186 | D:8      | Reached skill level 7 in Poison Magic
  9917 | D:9      | Noticed Maggie
  9987 | D:9      | Reached skill level 8 in Poison Magic
 10524 | D:9      | Reached skill level 9 in Poison Magic
 10544 | D:9      | Reached skill level 10 in Poison Magic
 11240 | D:10     | Entered Level 10 of the Dungeon
 11264 | D:10     | Found a bloodstained altar of Trog.
 11272 | D:10     | Reached skill level 5 in Spellcasting
 11373 | D:10     | Identified the staff of Infection {Dex+4 Conj}
 11407 | D:10     | Noticed a gargoyle
 11657 | D:10     | Reached XP level 11. HP: 54/69 MP: 11/19
 12342 | D:6      | Bought an amulet of magic regeneration for 390 gold pieces
 12410 | Gauntlet | Identified the of Becosone
 12410 | D:11     | Noticed a skeletal warrior
 12410 | D:11     | Noticed a skeletal warrior
 12410 | D:11     | Noticed a skeletal warrior
 12410 | D:11     | Found a staircase to the Lair.
 12531 | D:11     | Found a runed translucent gate.
 12531 | D:11     | Found a runed translucent gate.
 12531 | D:11     | Found a runed translucent gate.
 12531 | D:11     | Noticed a manticore
 12531 | D:11     | Noticed a death yak
 12531 | D:11     | Noticed a manticore
 12532 | D:11     | Noticed a manticore
 12549 | D:11     | Found a gate leading to a gauntlet.
 12567 | Gauntlet | Entered a Gauntlet
 12567 | Gauntlet | Found a transporter.
 12567 | Gauntlet | Found a transporter.
 12567 | Gauntlet | Found a runed translucent gate.
 12674 | Gauntlet | Found a runed translucent gate.
 12676 | Gauntlet | Found a runed translucent gate.
 12685 | Gauntlet | Found a transporter.
 12689 | Gauntlet | Found a transporter.
 12697 | Gauntlet | Found a transporter.
 12701 | Gauntlet | Found a transporter.
 12704 | Gauntlet | Noticed a death yak
 12705 | Gauntlet | Noticed a death yak
 12706 | Gauntlet | Noticed a death yak
 12708 | Gauntlet | Noticed a death yak
 12710 | Gauntlet | Found a transporter.
 12713 | Gauntlet | Noticed a death yak
 12728 | Gauntlet | Noticed a death scarab
 12729 | Gauntlet | Found a transporter.
 12729 | Gauntlet | Noticed a death scarab
 12746 | Gauntlet | Found a transporter.
 12750 | Gauntlet | Found a transporter.
 12758 | Gauntlet | Found a transporter.
 12762 | Gauntlet | Found a transporter.
 12762 | Gauntlet | Noticed an oklob plant
 12816 | Gauntlet | Paralysed by a hornet for 3 turns
 13037 | Gauntlet | HP: 3/63 [ice statue/shard of ice (17)]
 13239 | Gauntlet | Killed a death yak
 13275 | Gauntlet | Noticed a minotaur
 13281 | Gauntlet | Mangled by a minotaur

Illustrated notes

Levels and vault maps discovered:
D:1:      dpeg_arrival_solitude, layout_basic, minmay_gold_behind_fungi,
          minivault_4
D:2:      layout_loops_ring, serial_undead, serial_undead_c, serial_undead_c,
          serial_undead_b, serial_undead_a, serial_undead_a, serial_undead_a,
          serial_shops, nicolae_shop_temple_entry_statues_fountains,
          minmay_quantized, uniq_robin
D:3:      layout_basic, lemuel_round_altar,
          nicolae_hepliaklqana_monster_ancestors, uniq_jessica, uniq_terence,
          uniq_crazy_yiuf_cottage
D:4:      layout_basic, tgw_kikubaaqudgha, grunt_ministairs_13
D:5:      minmay_inner_zag, layout_rooms, minmay_temple_entry_nine_rooms
D:6:      layout_cave_pools, serial_shops, shop, grunt_decor_one_mirror
D:7:      layout_cave_pods, nicolae_overflow_crystal_walls,
          grunt_temple_overflow_open, uniq_menkaure, uniq_jeremiah
D:8:      layout_loops_corners
D:9:      layout_stronghold, dreamdust_wishing_well, uniq_maggie
D:10:     layout_cave_pools, trog_butcher_becter
D:11:     lemuel_bear_cage, layout_gridville, lair_entry_dummy, erik_orc_2,
          gauntlet_entry_generic, uniq_josephine
Temple:   nicolae_temple_superstar
Gauntlet: minmay_gauntlet_77_indecision [minmay_gauntlet_arena_77_museum,
          minmay_gauntlet_arena_77_run_for_it,
          minmay_gauntlet_arena_77_chump_sandwich,
          minmay_gauntlet_arena_77_terracotta_army,
          minmay_gauntlet_arena_77_box, minmay_gauntlet_arena_77_tiled_triplets,
          gauntlet_exit_green]

Skill      XL: |  1  2  3  4  5  6  7  8  9 10 11 |
---------------+----------------------------------+-----
Unarmed Combat | 4 5 6 7 8 9 |  9.3
Fighting       | 2 3 4 |  4.0
Necromancy     | 5 6 8 |  8.0
Spellcasting   | 2 5 7 |  7.2
Poison Magic   | 6 10 | 10.1
Shapeshifting  | 5 |  5.0
Dodging        | |  2.0

Action                     |  1- 3 |  4- 6 |  7- 9 | 10-12 || total
---------------------------+-------+-------+-------+-------++-------
  Melee: Unarmed           |    77 |   136 |   203 |   141 ||   557
         Tentacles         |    15 |    29 |    41 |    34 ||   119
         Constrict         |    18 |    33 |    40 |    23 ||   114
         Punch             |     1 |     2 |    12 |     8 ||    23
  Throw: Dart              |       |       |    11 |    21 ||    32
         Boomerang         |       |       |       |     3 ||     3
   Cast: Vampiric Draining |       |       |     4 |       ||     4
         Dispel Undead     |       |       |    10 |    11 ||    21
         Cigotuvi's Dreadf |       |       |     4 |     6 ||    10
         Olgreb's Toxic Ra |       |       |       |    39 ||    39
         Necrotise         |       |       |       |     1 ||     1
 Invoke: Potion Petition   |       |       |       |     1 ||     1
  Evoke: Wand              |       |       |       |     3 ||     3
    Use: Scroll            |     1 |     7 |     7 |     7 ||    22
         Potion            |       |       |     6 |     4 ||    10
   Stab: Sleeping          |     7 |    10 |     5 |     2 ||    24
         Distracted        |       |     1 |     1 |       ||     2
         Betrayed ally     |       |       |       |     1 ||     1
 Armour: Skin              |    25 |    36 |   157 |   125 ||   343
  Dodge: Dodged            |    49 |    48 |    69 |    63 ||   229
  Block: Buckler           |       |     7 |    47 |    29 ||    83

Table legend: (Time is in decaauts)
 A = Elapsed time spent in this place.
 B = Non-inter-level travel time spent in this place.
 C = Inter-level travel time spent in this place.
 D = Time resting spent in this place.
 E = Time spent auto-exploring this place.
 F = Levels seen in this place.
 G = Mean time per level.
                   A        B        C        D        E       F      G
               +--------+--------+--------+--------+--------+-----+--------+
         Total |  13231 |  12089 |   1142 |    804 |   8420 |  13 | 1017.8 |
       Dungeon |  12449 |  11354 |   1095 |    500 |   8211 |  11 | 1131.7 |
        Temple |     51 |      4 |     47 |      0 |      0 |   1 |   51.0 |
      Gauntlet |    730 |    730 |      0 |    304 |    209 |   1 |  730.0 |
               +--------+--------+--------+--------+--------+-----+--------+

Top non-repeatable levels by time:
     D:7: 1665 daAuts
     D:9: 1574 daAuts
     D:8: 1372 daAuts
     D:5: 1346 daAuts
     D:6: 1233 daAuts
     D:3: 1150 daAuts
     D:1: 1072 daAuts
     D:4: 1017 daAuts
     D:2: 949 daAuts
    D:10: 948 daAuts
Gauntlet: 730 daAuts
    D:11: 119 daAuts
  Temple: 51 daAuts
